 Dungeon Crawl Stone Soup version 0.19-a0-1162-g527d089 (webtiles) character file.

547 Kaname the Firebug (level 7, -2/61 HPs)
             Began as a High Elf Wanderer on Aug 13, 2016.
             Slain by a killer bee zombie (4 damage)
             ... in an ossuary on Aug 14, 2016.
             The game lasted 00:18:18 (4562 turns).

Kaname the Firebug (High Elf Wanderer)              Turns: 4562, Time: 00:18:19

Health: -2/61      AC: 23    Str: 13    XL:     7   Next: 7%
Magic:  2/12       EV:  2    Int: 20    God:
Gold:   139        SH:  0    Dex: 16    Spells: 3 memorised, 4 levels left

rFire  . . .     SeeInvis .     v - +2 scythe (flame)
rCold  + . .     Gourm    .     (armour currently unavailable)
rNeg   + + +     Faith    .     (shield currently unavailable)
rPois  +         Spirit   .     (helmet currently unavailable)
rElec  .         Dismiss  .     (cloak currently unavailable)
rCorr  .         Reflect  .     (gloves currently unavailable)
MR     .....     Harm     .     (boots currently unavailable)
Stlth  +++....... NoTele   +    (no amulet)
                                p - +1 ring of slaying
                                d - ring of protection from cold

@: agile, tree-form, very slightly contaminated, invisible
A: no striking features
a: no special abilities


You were in an ossuary.
You were very hungry.
You were a tree.
You visited 1 branch of the dungeon, and saw 4 of its levels.
You also visited: Ossuary.

You collected 139 gold pieces.

Inventory:

Hand Weapons
 s - a +0 shortbow
 v - a +2 scythe of flaming (weapon)
Missiles
 t - 53 arrows
Armour
 o - a +2 robe of fire resistance (melded)
Jewellery
 d - a ring of protection from cold (left branch)
 p - a +1 ring of slaying (right branch)
Wands
 w - a wand of lightning (7/15)
 x - a wand of lightning (2/15)
Scrolls
 c - 2 scrolls of teleportation
 g - 2 scrolls of fog
 l - 2 scrolls of amnesia
 m - 3 scrolls of remove curse
 u - a scroll of immolation
Potions
 i - a potion of agility
Books
 a - a book of Flames

   Spells                             Type                      Level
   a - Flame Tongue                   Conjuration/Fire             1
   b - Throw Flame                    Conjuration/Fire             2
   c - Conjure Flame                  Conjuration/Fire             3
   d - Inner Flame                    Hexes/Fire                   3
   e - Sticky Flame                   Conjuration/Fire             4
   f - Fireball                       Conjuration/Fire             5
 b - the Incunabulum of Earth

   Spells                             Type                      Level
   a - Sandblast                      Earth                        1
   b - Stone Arrow                    Conjuration/Earth            3
Comestibles
 f - 4 bread rations
 k - 4 fruits
 n - 2 meat rations


   Skills:
   Level 1.0 Staves
 - Level 1.0 Throwing
 - Level 1.1 Dodging
 - Level 1.1 Stealth
 - Level 3.2 Spellcasting
 - Level 4.0 Conjurations
 - Level 5.3 Fire Magic
   Level 1.2 Air Magic
 + Level 2.6 Earth Magic
 - Level 1.0 Evocations


You had 4 spell levels left.
You knew the following spells:

 Your Spells              Type           Power        Failure   Level  Hunger
a - Flame Tongue          Conj/Fire      ###..        2%          1    None
b - Stone Arrow           Conj/Erth      ###...       12%         3    ###....
c - Sticky Flame          Conj/Fire      ###.....     24%         4    ####...


Dungeon Overview and Level Annotations

Branches:
Dungeon (4/15)             Temple (0/1) D:4

Altars:
Ru

Annotations:
D:4 Blork the orc Ossuary runewalsh's ghost, novice OpIE


Message History

* * * LOW HITPOINT WARNING * * *
The killer bee zombie hits you but does no damage.
You feel better. The killer bee zombie hits you.
* * * LOW HITPOINT WARNING * * *
The ice beast hits you but does no damage.
Runewalsh's ghost hits you but does no damage.
The killer bee zombie hits you.
* * * LOW HITPOINT WARNING * * *
You slash the killer bee zombie! You burn the killer bee zombie.
The killer bee zombie is heavily damaged.
Runewalsh's ghost casts a spell at you.
Helpless, you fail to dodge the puff of frost.
You resist.
* * * LOW HITPOINT WARNING * * *
The ice beast hits you but does no damage.
Runewalsh's ghost barely misses you.
You miss runewalsh's ghost.
The ice beast hits you but does no damage.
The killer bee zombie hits you.
You die...

≈ ≈# ####≈#
#≈≈≈≈ #P≈.#
#'#'#'#.≈
+.≈≈§§≈..
###≈#####Z#
#.§§#♣Z.#
###YYW∩.#
#.'.#..∩#
###.#####
+.'.# #.###
+.# #.' '.#


You could see 2 ice beasts, runewalsh's ghost and a killer bee zombie
(wandering).

Vanquished Creatures
  Sigmund (D:4)
  2 giant frog zombies (Ossuary)
  A hound (D:4)
  An iguana (D:4)
  A killer bee zombie (Ossuary)
  6 mummies (Ossuary)
  2 worker ant zombies (Ossuary)
  A gnoll (D:1)
  5 adders
  3 oozes
  An adder zombie (Ossuary)
  A worm (D:2)
  3 dart slugs
  4 giant geckos
  2 orcs
  A ball python (D:1)
  8 bats
  3 giant cockroaches
  5 goblins
  5 hobgoblins (D:1)
  4 jackals (D:1)
  A quokka (D:2)
  2 giant newts (D:4)
  8 kobolds
  5 rats
76 creatures vanquished.

Notes
Turn   | Place    | Note
-------+----------+-------------------------------------------
     0 | D:1      | Kaname the High Elf Wanderer began the quest for the Orb.
     0 | D:1      | Kaname set off with: a book of Flames, the Incunabulum of Earth, a scroll of teleportation, a +0 robe, a +0 club, a bread ration
     0 | D:1      | Reached XP level 1. HP: 11/11 MP: 4/4
     0 | D:1      | Identified the Incunabulum of Earth
    39 | D:1      | Learned a level 1 spell: Flame Tongue
   780 | D:1      | Reached XP level 2. HP: 5/17 MP: 4/7
  1077 | D:1      | Reached skill level 1 in Conjurations
  1641 | D:1      | Reached XP level 3. HP: 15/21 MP: 8/8
  1647 | D:1      | Learned a level 3 spell: Stone Arrow
  2348 | D:1      | Reached XP level 4. HP: 12/27 MP: 7/9
  2585 | D:2      | Found a faded altar of an unknown god.
  2833 | D:2      | Found a sacrificial altar of Ru.
  3024 | D:2      | Learned a level 4 spell: Sticky Flame
  3710 | D:4      | Reached skill level 3 in Fire Magic
  3710 | D:4      | Reached XP level 5. HP: 24/31 MP: 5/10
  3927 | D:4      | Noticed Sigmund
  3938 | D:4      | Killed Sigmund
  3938 | D:4      | Reached skill level 5 in Fire Magic
  3938 | D:4      | Reached XP level 6. HP: 22/36 MP: 2/11
  4035 | D:4      | Found a staircase to the Ecumenical Temple.
  4091 | D:4      | Noticed Blork the orc
  4114 | D:4      | Found a sand-covered staircase.
  4119 | Ossuary  | Entered an ossuary
  4204 | Ossuary  | Reached skill level 1 in Earth Magic
  4464 | Ossuary  | Reached XP level 7. HP: 27/41 MP: 0/12
  4547 | Ossuary  | Noticed runewalsh's ghost (novice OpIE)
  4561 | Ossuary  | HP: 2/61 [runewalsh's ghost/puff of frost (4)]
  4562 | Ossuary  | Slain by a killer bee zombie

Vault maps used:
D:1:      dpeg_arrival_radiant
D:2:      lemuel_doored_altar, ecumenical_altar_1, grunt_decor_cap
D:4:      first_bread, enter_ossuary_5, minmay_item_behind_shaft,
          minmay_lizard_king, uniq_sigmund, uniq_blork_the_orc
Ossuary:  ossuary_zaba_flooded

Skill      XL: |  1  2  3  4  5  6 |
---------------+-------------------+-----
Spellcasting   | 3 |  3.2
Conjurations   | 2 3 4 |  4.0
Fire Magic     | 3 5 |  5.3
Earth Magic    | 2 |  2.6
Staves         | |  1.0
Throwing       | |  1.0
Dodging        | |  1.1
Stealth        | |  1.1
Air Magic      | |  1.2
Evocations     | |  1.0

Action                   |  1- 3 |  4- 6 |  7- 9 || total
-------------------------+-------+-------+-------++-------
Melee: Club              |    20 |       |       ||    20
       Hand axe          |    50 |    30 |       ||    80
       Scythe            |       |     8 |     9 ||    17
 Fire: Shortbow          |       |    18 |       ||    18
 Cast: Flame Tongue      |    43 |    80 |       ||   123
       Sticky Flame      |       |     1 |     1 ||     2
  Use: Scroll            |     2 |     7 |       ||     9
       Potion            |       |       |     6 ||     6
 Stab: Sleeping          |     1 |     1 |       ||     2
       Distracted        |     1 |       |       ||     1
  Eat: Chunk             |     4 |     6 |       ||    10
       Fruit             |       |     1 |       ||     1
Armor: Robe              |    18 |    20 |     3 ||    41
       Skin              |       |       |    18 ||    18
Dodge: Dodged            |    76 |    61 |     1 ||   138
